Map: Cerulean Fall LE

Players

LiquidTLO (TLO)

  • Race: Zerg Zerg
  • League: Grandmaster
  • Spawn Location: 7:00

Lambo - Winner!

  • Race: Zerg Zerg
  • League: Master
  • Spawn Location: 1:00

VOD

Have the link to the VOD?

Description

Time

  • Played on: Jan. 20, 2019, 9:32 a.m.
  • Length: 16:34
Show
View Real Time Build Order
Export as new Build Order

LiquidTLO Zerg 

Build Orders: Hatch First 

Get SALT Encoding   

  12  0:01  Drone  
  13  0:12  Overlord  
  13  0:17  Drone  
  14  0:31  Drone x2  
  16  0:50  Hatchery  
  16  0:53  Drone  
  16  0:56  Drone  
  17  1:10  Spawning Pool  
  16  1:13  Drone  
  16  1:16  Drone  
  18  1:20  Drone  
  19  1:29  Drone  
  20  1:38  Overlord  
  20  1:42  Extractor  
  19  1:51  Drone  
  20  1:56  Queen  
  20  2:00  Drone  
  23  2:01  Queen  
  23  2:03  Drone  
  26  2:13  Drone  
  26  2:14  Drone  
  28  2:23  Drone  
  28  2:26  Hatchery  
  28  2:28  Zergling x2  
  29  2:35  Queen  
  31  2:40  Overlord  
  31  2:46  Drone  
  31  2:48  Drone  
  33  2:52  Baneling Nest  
  33  2:56  Drone  
  33  2:58  Drone x2  
  35  3:04  Drone  
  36  3:06  Zergling x2  
  37  3:17  Drone  
  37  3:18  Evolution Chamber, Queen  
  37  3:19  Overlord  
  39  3:25  Drone  
  40  3:28  Drone  
  40  3:30  Drone  
  40  3:31  Drone  
  43  3:37  Baneling  
  43  3:39  Drone  
  43  3:41  Drone  
  45  3:42  Drone  
  45  3:44  Drone  
  45  3:45  Drone, Zerg Missile Weapons Level 1  
  45  3:47  Drone  
  49  3:49  Baneling  
  49  3:50  Extractor  
  49  3:52  Drone  
  49  3:57  Drone  
  49  3:59  Drone  
  49  4:02  Drone  
  52  4:03  Drone  
  52  4:04  Drone, Extractor  
  52  4:08  Drone  
  54  4:10  Drone  
  54  4:11  Drone  
  54  4:13  Drone x2  
  58  4:19  Lair, Overlord  
  57  4:28  Roach Warren  
  57  4:30  Drone  
  57  4:32  Extractor  
  57  4:33  Extractor, Drone  
  57  4:34  Drone  
  57  4:37  Baneling  
  57  4:39  Drone x4, Zergling x2  
  57  4:43  Drone x2  
  63  4:46  Drone x2  
  63  4:49  Overlord  
  65  4:53  Overlord  
  65  4:57  Overlord  
  65  4:59  Overlord  
  65  5:02  Overlord  
  65  5:05  Overlord  
  65  5:09  Drone, Overlord  
  65  5:13  Roach x2  
  70  5:16  Roach  
  70  5:17  Roach  
  70  5:20  Glial Reconstitution  
  74  5:24  Roach  
  74  5:25  Drone  
  76  5:28  Extractor  
  76  5:30  Roach  
  76  5:31  Roach x2  
  82  5:36  Roach x2  
  82  5:37  Roach  
  82  5:38  Drone  
  82  5:42  Roach x2  
  93  5:46  Zerg Missile Weapons Level 2  
  93  5:47  Roach  
  95  5:50  Roach  
  95  5:52  Roach  
  95  5:53  Roach  
  95  5:56  Roach  
  105  5:57  Roach  
  105  6:00  Overlord  
  105  6:02  Ravager x3  
  108  6:05  Ravager  
  108  6:06  Roach  
  108  6:08  Overlord  
  108  6:11  Roach x2  
  115  6:13  Overlord  
  115  6:17  Overlord  
  117  6:18  Roach  
  117  6:20  Roach  
  117  6:21  Roach  
  117  6:23  Roach  
  117  6:25  Roach  
  125  6:28  Ravager x2, Roach  
  125  6:32  Roach x2  
  133  6:34  Roach  
  133  6:37  Roach  
  135  6:41  Roach  
  135  6:42  Roach x2  
  135  6:44  Roach  
  135  6:46  Roach  
  145  6:47  Roach  
  145  6:50  Roach x2  
  151  6:56  Overlord, Roach  
  151  6:58  Roach  
  151  6:59  Overlord  
  153  7:02  Overlord  
  153  7:06  Overlord  
  153  7:16  Roach  
  153  7:17  Roach x3  
  153  7:18  Roach  
  153  7:19  Roach x2  
  167  7:23  Roach x2  
  167  7:25  Roach  
  173  7:35  Roach  
  173  7:36  Roach  
  177  7:37  Roach  
  177  7:40  Roach  
  177  7:43  Roach  
  181  7:45  Roach x2  
  181  7:46  Roach x2  
  181  7:48  Overlord  
  181  7:49  Roach  
  181  7:50  Overlord  
  183  7:54  Ravager x3  
  186  8:03  Zerg Ground Armor Level 1  
  186  8:09  Roach x2  
  186  8:10  Roach  
  180  8:12  Roach  
  180  8:13  Roach  
  180  8:15  Roach  
  180  8:18  Roach x2  
  180  8:19  Roach  
  176  8:21  Roach  
  176  8:25  Roach x2  
  158  8:27  Roach  
  158  8:28  Roach  
  158  8:29  Roach  
  158  8:30  Roach  
  158  8:31  Roach  
  147  8:35  Roach  
  147  8:36  Roach x3  
  147  8:38  Roach  
  142  8:41  Roach  
  142  8:46  Roach  
  146  8:49  Roach  
  146  8:50  Drone  
  146  8:51  Roach  
  146  8:52  Roach x2  
  146  8:54  Roach  
  157  8:59  Ravager, Roach  
  157  9:00  Roach  
  162  9:08  Roach  
  159  9:12  Roach x2  
  159  9:14  Drone  
  159  9:16  Extractor  
  163  9:17  Hatchery  
  163  9:18  Roach  
  163  9:22  Roach  
  163  9:23  Overseer  
  166  9:25  Roach  
  166  9:27  Overseer x2  
  166  9:30  Roach  
  170  9:32  Roach  
  172  9:38  Pneumatized Carapace  
  172  9:40  Roach x3  
  178  9:46  Drone x2  
  178  9:47  Drone  
  178  9:51  Overlord  
  181  9:54  Drone  
  181  9:58  Drone x4, Hydralisk Den  
  185  10:06  Roach  
  187  10:07  Roach x3  
  187  10:10  Roach  
  187  10:15  Roach x3  
  187  10:18  Roach  
  187  10:20  Roach  
  195  10:23  Roach  
  195  10:25  Roach  
  195  10:27  Roach  
  199  10:31  Muscular Augments  
  199  10:42  Zerg Ground Armor Level 2  
  197  10:55  Roach x2  
  185  11:00  Overlord x2  
  167  11:05  Overlord  
  167  11:06  Hydralisk x8  
  167  11:10  Hydralisk  
  177  11:15  Overlord  
  177  11:20  Overlord, Hydralisk x2  
  177  11:24  Hydralisk  
  183  11:26  Hydralisk  
  183  11:28  Hydralisk  
  187  11:33  Overseer x2  
  187  11:34  Hydralisk  
  187  11:35  Hydralisk  
  187  11:37  Hydralisk  
  187  11:39  Hydralisk  
  195  11:42  Grooved Spines  
  195  11:43  Roach  
  195  11:44  Roach  
  195  11:46  Overlord  
  199  11:49  Overlord  
  199  11:57  Roach  
  199  12:08  Hydralisk  
  199  12:20  Spore Crawler  
  199  12:21  Spine Crawler x2  
  196  12:23  Overseer x2  
  196  12:25  Hydralisk  
  198  12:35  Roach  
  200  12:39  Roach  
  200  12:43  Spore Crawler  
  199  12:45  Spine Crawler  
  199  12:46  Roach  
  199  12:49  Overlord  
  200  12:58  Hydralisk  
  198  13:00  Hydralisk x2  
  198  13:03  Roach  
  186  13:06  Roach x2  
  186  13:11  Hydralisk x8  
  190  13:13  Roach x2  
  190  13:16  Lurker Den  
  190  13:17  Infestation Pit, Roach  
  190  13:18  Roach  
  196  13:23  Roach x2  
  196  13:26  Overseer  
  200  13:30  Roach  
  200  13:31  Roach  
  200  13:41  Overseer x2  
  200  13:44  Extractor  
  199  13:57  Overlord  
  199  13:59  Overlord  
  199  14:11  Roach  
  199  14:15  Roach  
  183  14:17  Roach x2  
  183  14:21  Roach x2  
  183  14:23  Roach x2  
  158  14:25  Roach  
  158  14:26  Roach x2  
  158  14:29  Roach  
  158  14:30  Roach  
  158  14:31  Hydralisk x3  
  113  14:32  Roach x2  
  113  14:33  Roach x4  
  113  14:34  Roach x3  
  113  14:35  Roach  
  114  14:39  Drone  
  114  14:44  Hydralisk x2  
  119  14:47  Ravager x5  
  119  14:48  Hydralisk x2, Ravager  
  129  14:54  Hydralisk  
  129  14:55  Hydralisk  
  133  15:00  Hydralisk  
  133  15:01  Hydralisk  
  133  15:02  Lurker  
  138  15:08  Drone, Hydralisk x2  
  138  15:11  Drone x2  
  145  15:14  Extractor  
  145  15:18  Lurker x2  
  146  15:28  Lurker x2  
  148  15:32  Drone  
  148  15:33  Drone x9, Hydralisk x2  
  162  15:40  Hydralisk x2  
  162  15:42  Drone x2  
  163  15:44  Hydralisk  
  165  15:54  Hydralisk x2  
  165  15:55  Hydralisk x2  
  153  15:58  Hydralisk  
  153  16:00  Hydralisk  
  153  16:03  Hydralisk  
  156  16:07  Roach  
  156  16:09  Hydralisk  
  160  16:12  Lurker  
Show
View Real Time Build Order
Export as new Build Order

Lambo Zerg - Winner!

Build Orders: Hatch First, Lurkers 

Get SALT Encoding   

  12  0:01  Drone  
  13  0:11  Overlord  
  13  0:16  Drone  
  14  0:30  Drone x2  
  16  0:48  Hatchery  
  15  0:51  Drone  
  15  0:55  Drone  
  17  0:59  Drone  
  18  1:10  Extractor  
  17  1:13  Spawning Pool  
  17  1:16  Drone  
  17  1:20  Drone  
  18  1:28  Drone  
  19  1:39  Drone  
  20  1:52  Drone  
  21  2:00  Drone, Queen x2  
  21  2:01  Overlord  
  26  2:10  Metabolic Boost  
  26  2:11  Drone  
  26  2:12  Drone  
  28  2:26  Drone x2  
  30  2:34  Hatchery  
  30  2:37  Drone  
  30  2:39  Zergling x2  
  30  2:43  Drone x2  
  33  2:50  Baneling Nest  
  32  2:53  Overlord  
  32  2:59  Drone  
  32  3:03  Zergling x2  
  34  3:07  Drone  
  34  3:11  Drone  
  34  3:12  Drone  
  37  3:13  Drone, Zergling x4  
  37  3:14  Zergling x2  
  37  3:19  Overlord  
  41  3:29  Drone  
  41  3:30  Drone  
  41  3:33  Drone  
  44  3:37  Queen  
  45  3:43  Evolution Chamber, Drone x3  
  45  3:46  Drone x2  
  49  3:51  Drone, Overlord  
  49  3:53  Drone  
  49  3:54  Drone  
  52  4:00  Extractor  
  52  4:01  Extractor  
  52  4:02  Overlord  
  50  4:03  Drone x2  
  50  4:09  Drone x2  
  54  4:11  Zerg Missile Weapons Level 1  
  54  4:12  Lair  
  54  4:13  Drone  
  54  4:14  Drone  
  54  4:16  Drone  
  57  4:18  Drone  
  57  4:19  Drone  
  57  4:22  Drone x2  
  60  4:24  Drone  
  60  4:27  Overlord  
  60  4:29  Drone  
  60  4:30  Drone  
  63  4:35  Roach Warren  
  63  4:37  Drone  
  63  4:40  Drone x2  
  63  4:44  Pneumatized Carapace  
  64  4:46  Drone x4  
  64  4:51  Overlord  
  68  4:55  Extractor  
  68  4:56  Extractor  
  68  4:57  Drone x2  
  68  4:58  Queen  
  68  4:59  Extractor, Drone  
  71  5:00  Drone  
  71  5:01  Drone  
  71  5:04  Drone  
  73  5:07  Drone x2  
  73  5:11  Overseer  
  73  5:14  Drone x2  
  77  5:16  Drone  
  77  5:17  Drone  
  79  5:25  Hatchery  
  76  5:29  Glial Reconstitution  
  76  5:32  Roach x7  
  76  5:34  Overlord  
  90  5:36  Overlord  
  90  5:37  Overlord  
  90  5:45  Evolution Chamber, Overlord  
  90  5:46  Overlord  
  90  5:48  Overlord  
  89  5:52  Overlord  
  89  5:53  Roach x2  
  93  5:57  Roach x2  
  93  6:02  Roach x5  
  107  6:05  Roach  
  107  6:09  Roach  
  111  6:12  Roach  
  111  6:14  Roach x4  
  121  6:20  Roach  
  121  6:22  Overlord  
  124  6:27  Ravager x2  
  124  6:28  Roach x3  
  124  6:29  Ravager  
  124  6:31  Roach  
  137  6:33  Overlord x2  
  137  6:35  Overlord  
  137  6:37  Overlord  
  137  6:39  Overlord  
  137  6:41  Overlord  
  137  6:46  Overlord  
  137  6:47  Zerg Missile Weapons Level 2  
  133  6:48  Roach x2  
  137  6:56  Roach x4  
  137  6:59  Roach x2  
  149  7:02  Zerg Ground Armor Level 1  
  149  7:03  Roach x2  
  149  7:04  Roach  
  149  7:06  Roach x2  
  161  7:08  Roach  
  161  7:09  Roach  
  163  7:16  Hatchery  
  163  7:18  Ravager x2  
  163  7:20  Overlord  
  164  7:25  Roach x3  
  164  7:26  Ravager  
  171  7:33  Roach x5  
  176  7:40  Roach x3  
  176  7:43  Drone x4  
  183  7:45  Drone  
  183  7:49  Drone x3  
  190  7:58  Roach x4  
  190  8:05  Roach x2  
  185  8:13  Roach x4  
  185  8:19  Roach x3  
  185  8:22  Roach x3  
  158  8:27  Roach x4  
  158  8:30  Roach  
  158  8:33  Roach  
  158  8:34  Roach  
  146  8:35  Roach  
  146  8:39  Roach  
  146  8:40  Roach  
  148  8:44  Roach  
  148  8:45  Ravager  
  151  8:50  Ravager x2  
  151  8:53  Roach x5  
  151  8:55  Roach  
  165  9:02  Roach  
  171  9:06  Roach x2  
  167  9:10  Roach  
  165  9:17  Roach  
  165  9:18  Hatchery, Roach x2  
  165  9:19  Ravager  
  165  9:23  Ravager  
  172  9:25  Roach  
  172  9:26  Roach x2  
  182  9:31  Roach x2  
  182  9:34  Roach x2  
  182  9:35  Ravager  
  187  9:46  Roach x3  
  193  9:59  Tunneling Claws  
  193  10:00  Burrow  
  193  10:02  Overlord  
  193  10:03  Hydralisk Den  
  193  10:04  Overlord x3  
  192  10:07  Overlord  
  192  10:08  Overlord  
  192  10:09  Overseer  
  192  10:16  Overlord  
  192  10:21  Roach x2  
  192  10:23  Roach  
  192  10:24  Roach x3  
  192  10:29  Roach x2  
  197  10:35  Ravager  
  197  10:36  Ravager  
  197  10:37  Ravager  
  197  10:38  Ravager  
  184  10:57  Roach x8  
  184  10:58  Roach x24  
  184  11:02  Roach x9  
  196  11:06  Roach x5  
  200  11:12  Grooved Spines  
  200  11:19  Overlord  
  200  11:21  Overseer  
  200  11:35  Roach x3  
  200  11:48  Hatchery  
  195  12:08  Hydralisk x2  
  195  12:13  Lurker Den, Extractor, Infestation Pit  
  195  12:14  Spine Crawler, Extractor  
  194  12:20  Drone x3  
  194  12:21  Roach x2  
  197  12:54  Hydralisk  
  189  13:00  Hydralisk x10  
  189  13:04  Roach x4  
  189  13:05  Roach x6  
  193  13:10  Roach x12  
  197  13:13  Hive  
  197  13:17  Roach x3  
  198  13:21  Roach x2  
  198  13:22  Overseer  
  198  13:59  Lurker x8  
  196  14:16  Hydralisk x9  
  168  14:19  Hydralisk x9  
  168  14:22  Hydralisk  
  167  14:27  Hydralisk x2  
  167  14:30  Roach  
  144  14:33  Adaptive Talons  
  144  14:37  Lurker  
  137  14:43  Lurker x3  
  137  14:44  Lurker x2  
  142  14:49  Lurker  
  143  14:56  Lurker  
  144  15:03  Lurker x2  
  144  15:06  Roach  
  144  15:07  Roach x3  
  154  15:10  Roach x2  
  158  15:15  Roach x2  
  158  15:19  Roach  
  159  15:31  Roach  
  159  15:32  Roach x2  
  158  15:55  Hydralisk x3  
Tags
 
Add a new tag
Caveats
  • Supply blocks, unpowered buildings, or Contaminate may cause inaccurate times.
  • Supply counts are checked every 10 seconds.